 Dungeon Crawl Stone Soup version 0.32-a0-433-g08bcfe7efd (webtiles) character file.

Game seed: 10712169864087059227

11092 runemasterragnar the Carver (level 11, -13/93 HPs)
             Began as a Coglin Gladiator on Feb 22, 2024.
             Was a High Priest of Jiyva.
             Engulfed by a cloud of freezing vapour (21 damage)
             ... in an ice cave.
             The game lasted 00:14:35 (7465 turns).

runemasterragnar the Carver (Coglin Gladiator)      Turns: 7465, Time: 00:14:36

Health: -13/93     AC: 10    Str: 14    XL:     11   Next: 72%
Magic:  11/11      EV: 14    Int: 11    God:    Jiyva [*****.]
Gold:   427        SH:  0    Dex: 20    Spells: 10/10 levels left

rFire   . . .        a - +1 long sword {José}
rCold   . . .        k - +1 mace (protect) {Matia}
rNeg    . . .        w - +0 steam dragon scales
rPois   +            (helmet restricted)
rElec   .            (no cloak)
rCorr   +            x - +1 pair of gloves
SInv    .            q - +0 pair of boots
Will    .....        (no amulet)
Stlth   +++          s - ring "Tuocw" {rPois Int+3}
HPRegen 1.79/turn    p - +4 ring of protection
MPRegen 0.84/turn

%: no passive effects
@: no status effects
A: off-hand wielding, slow wielding, warmup strikes, legs shutdown, antennae 1,
gelatinous body 1, pseudopods 3, translucent skin 2, jelly sensing items,
MP-powered wands, sturdy frame 2
a: Renounce Religion, Oozemancy, Slimify


You were in an ice cave.
You worshipped Jiyva.
Jiyva was extremely pleased with you.
You visited 1 branch of the dungeon, and saw 11 of its levels.
You also visited: Bailey and Ice Cave.

You collected 527 gold pieces.
You spent 100 gold pieces at shops.

Inventory:

Hand Weapons
 a - a +1 long sword (weapon) {José}
 f - the +0 dagger of Bodily Humours {elec, +Blink rC+ SInv}
   (You found it in a bailey)

   rC+:       It protects you from cold.
   SInv:      It lets you see invisible.
   +Blink:    It lets you blink.
 g - a +1 dagger of speed {Nhalahla}
 k - a +1 mace of protection (offhand) {Matia}
 n - the +7 quarterstaff "Spiderslayer" {pain, Str+5 Dex+4 SInv}
   (You found it on level 3 of the Dungeon)

   Str+5:     It affects your strength (+5).
   Dex+4:     It affects your dexterity (+4).
   SInv:      It lets you see invisible.
 t - a +0 heavy war axe
 u - a +0 demon whip of venom
Missiles
 d - 3 throwing nets
 e - 3 javelins
 o - 12 boomerangs
 B - 5 poisoned darts (quivered)
Armour
 b - a +0 leather armour
 c - a +0 helmet
 i - a +0 pair of gloves
 q - a +0 pair of boots (worn)
 r - a +0 scale mail
 w - +0 steam dragon scales (worn)
 x - a +1 pair of gloves (worn)
 D - a scarf of resistance
Jewellery
 p - a +4 ring of protection (right grasper)
 s - the ring "Tuocw" (left grasper) {rPois Int+3}
   (You found it on level 3 of the Dungeon)

   [ring of poison resistance]

   Int+3:     It affects your intelligence (+3).
   rPois:     It protects you from poison
Talismans
 z - a dragon-blood talisman
Wands
 m - a wand of mindburst (7)
 v - a wand of polymorph (13)
 y - a wand of digging (6)
Scrolls
 l - 4 scrolls of identify
 A - a scroll of fog
 C - 2 scrolls of poison
 E - a scroll of amnesia {unknown}
Potions
 j - a potion of curing


   Skills:
 + Level 11.3 Fighting
 - Level 14.7 Long Blades
 - Level 1.7 Throwing
 - Level 2.6 Dodging


You had 10 spell levels left.
You didn't know any spells.
Your spell library contained the following spells:

 Spells                   Type           Power      Damage    Failure   Level
 Shock                    Conj/Air       0%         1d3       34%         1
 Cigotuvi's Dreadful Rot  Necr/Alch/Air  0%         N/A       47%         2
 Momentum Strike          Conj/Tloc      0%         3d8       47%         2
 Swiftness                Air            0%         N/A       71%         3
 Airstrike                Air            0%         2d(0-16)  98%         4
 Brom's Barrelling Bould  Conj/Erth      0%         2d3       98%         4
 Fireball                 Conj/Fire      0%         3d3       100%        5
 Iskenderun's Battlesphe  Conj           0%         2d6       100%        5
 Conjure Ball Lightning   Conj/Air       0%         3x3d6     100%        6
 Haunt                    Necr/Summ      0%         N/A       100%        7
 Orb of Destruction       Conj           0%         9d5       100%        7
 Borgnjor's Revivificati  Necr           0%         N/A       100%        8
 Death's Door             Necr           0%         N/A       100%        9


Dungeon Overview and Level Annotations

Branches:
Dungeon (11/15)            Temple (0/1) D:7          Bailey (visited)
  IceCv (1/1)
   Lair: D:8-11         Orc: D:9-12

Altars:
Nemelex Xobeh
Okawaru
Qazlal
Sif Muna
Trog
Uskayaw
Vehumet
Wu Jian
Xom
Zin
Jiyva

Shops:
D:5 (*   D:10 :(   D:11 (

Annotations:
D:6 2 transporters, Dittersdorf's ghost, novice GrFi
D:7 2 transporters
D:9 1 runed translucent door, cforsyth's ghost, novice CoGl IceCv 1 transporter, exclusion: ice statue


Innate Abilities, Weirdness & Mutations

You can wield a second weapon in your off-hand.
It takes a long time for you to wield or remove held weapons.
Your first few attacks do less damage.
Attacking and casting redirects power from your legs.
You have a pair of small antennae on your head.
Your rubbery body absorbs attacks. (AC +1, EV +1)
Armour fits poorly on your massive pseudopods.
Your translucent skin reduces your foes' accuracy. (Stealth+)
You have a small jelly attached to you that senses nearby items.
You expend magic power (3 MP) to strengthen your wands.
Your movements are less encumbered by armour. (ER -4)


Message History

The shard of ice hits you!!
* * * LOW HITPOINT WARNING * * *
The shard of ice hits your rockslime.
Your Fighting skill increases to level 11!
There is an ice covered gate leading back out of this place here.
The ice beast completely misses your azure jelly.
Your azure jelly hits the ice statue.
Your azure jelly freezes the ice statue.
The ice statue completely resists.
Your azure jelly hits the ice statue.
Your azure jelly freezes the ice statue.
The ice statue completely resists.
Your azure jelly hits the ice statue. x2
The ice statue gestures at you.
The freezing blast engulfs the ice beast.
The ice beast completely resists.
A shard of ice appears from out of your range of vision.
The shard of ice hits your rockslime!!
Unknown command.
You feel much better.
You are engulfed in freezing vapours.
* * * LOW HITPOINT WARNING * * *
Your azure jelly is engulfed in freezing vapours.
Your azure jelly hits the ice statue.
Your azure jelly freezes the ice statue.
The ice statue completely resists.
Your azure jelly hits the ice statue.
Your azure jelly freezes the ice statue.
The ice statue completely resists.
Your azure jelly hits the ice statue!
Your azure jelly hits the ice statue.
The ice beast hits your azure jelly. The ice beast freezes your azure jelly.
Your azure jelly resists.
The ice beast barely misses your azure jelly.
Your azure jelly is engulfed in freezing vapours.
Your azure jelly hits the ice statue!
Your azure jelly freezes the ice statue.
The ice statue completely resists.
Your azure jelly hits the ice statue.
Your azure jelly freezes the ice statue.
The ice statue completely resists.
Your azure jelly hits the ice statue!
The ice statue is destroyed!
The ice beast disappears in a puff of smoke! x2
You are engulfed in freezing vapours.
You die...
Jiyva sends a jelly to digest your remains.

.......ß....#.....#
....J......ß#.....#
∩∩........©©#©..[.#
...........ß#.....#
.......ß....#....J#
#...........#ß.○Y○#
##..........##ß○J○#
##........####ß○○#
####...### ##@°#
##### ####


You could see an ice beast (summoned, ally target), a friendly azure jelly
(summoned) and a friendly rockslime (summoned).

Vanquished Creatures
  A boulder beetle (D:9)
  A two-headed ogre (D:11)
  Amaemon (D:8)
  Joseph (D:7)
  An orange demon (D:8)
  An anaconda simulacrum (IceCv)
  A troll (D:8)
  Sigmund (D:4)
  3 wyverns
  13 yaks
  Grum (D:8)
  A steam dragon (D:6)
  Menkaure (D:4)
  An acid dragon (D:8)
  A water moccasin (D:6)
  10 orc warriors
  2 ice beasts
  2 black bears
  2 wolves (D:8)
  7 centaurs
  3 kobold brigands
  2 bullfrogs
  A gnoll sergeant (D:10)
  3 scorpions
  5 wights (D:8)
  An elephant simulacrum (IceCv)
  4 howler monkeys (D:11)
  5 orc priests
  2 gnoll boudas
  4 hounds
  5 iguanas
  3 orc wizards
  18 gnolls
  5 adders
  7 ufetubi
  2 dart slugs (D:2)
  A ribbon worm (D:2)
  44 orcs
  3 ball pythons
  2 endoplasms (D:1)
  4 giant cockroaches
  11 goblins
  8 hobgoblins
  7 jackals (D:4)
  16 kobolds
  A quokka (D:4)
  5 bats
  A frilled lizard (D:2)
  2 rats
227 creatures vanquished.

Vanquished Creatures (collateral kills)
  An ugly thing (IceCv)
  Maurice (D:7)
  An ice statue (IceCv)
  A ynoxinul (D:8)
  A cane toad simulacrum (IceCv)
5 creatures vanquished.

Vanquished Creatures (others)
  A dire elephant simulacrum (IceCv)
  A yak (D:10)
  2 orc warriors (Bailey)
  5 centaurs (Bailey)
  A scorpion (D:5)
  5 jellies
  A hound (D:5)
  A gnoll bouda (D:5)
  An orc wizard (D:7)
  An ufetubus (D:7)
  A dart slug (D:5)
  4 orcs
  5 goblins
  A hobgoblin (D:1)
  A kobold (D:5)
  A quokka (D:3)
  3 training dummies (D:5)
  A frilled lizard (D:2)
  A rat (D:2)
37 creatures vanquished.

Grand Total: 269 creatures vanquished

Notes
Turn   | Place    | Note
-------+----------+-------------------------------------------
     0 | D:1      | runemasterragnar the Coglin Gladiator began the quest for
                  | the Orb.
     0 | D:1      | Reached XP level 1. HP: 16/16 MP: 1/1
   127 | D:1      | Reached XP level 2. HP: 22/22 MP: 2/2
   196 | D:1      | Noticed a golden eye
   198 | D:1      | Found a faded altar of an unknown god.
   199 | D:1      | Noticed a golden eye
   199 | D:1      | Noticed a shining eye
   199 | D:1      | Noticed a golden eye
   212 | D:1      | Prayed at the altar of an unknown god.
   212 | D:1      | Became a worshipper of Jiyva Jihagho the Shapeless
   212 | D:1      | Reached * piety under Jiyva
   713 | D:2      | Reached XP level 3. HP: 28/28 MP: 3/3
   737 | D:2      | Found a radiant altar of Vehumet.
   771 | D:2      | Reached ** piety under Jiyva
   860 | D:2      | Reached skill level 4 in Long Blades
  1100 | D:3      | Identified the +7 quarterstaff "Spiderslayer" {pain, Str+5
                  | Dex+4 SInv}
  1201 | D:3      | Reached XP level 4. HP: 33/34 MP: 4/4
  1333 | D:3      | Identified the ring "Tuocw" {rPois Int+3}
  1431 | D:3      | Found a shimmering altar of Xom.
  1673 | D:4      | Reached *** piety under Jiyva
  1673 | D:4      | Gained mutation: You are covered in slimy tendrils that may
                  | disarm your opponents. [Jiyva's grace]
  1673 | D:4      | Gained mutation: You have a small jelly attached to you
                  | that senses nearby items. [Jiyva's grace]
  1673 | D:4      | Gained mutation: You expend magic power (3 MP) to
                  | strengthen your wands. [Jiyva's grace]
  1673 | D:4      | Gained mutation: You have hidden genetic potential.
                  | [Jiyva's grace]
  1695 | D:4      | Noticed a scorpion
  1706 | D:4      | Killed a scorpion
  1707 | D:4      | Reached skill level 5 in Long Blades
  1707 | D:4      | Reached XP level 5. HP: 41/41 MP: 5/5
  1707 | D:4      | Gained mutation: You have a pair of small antennae on your
                  | head. [hidden potential]
  1720 | D:4      | Found a glowing silver altar of Zin.
  1791 | D:4      | Noticed a black bear
  1802 | D:4      | Killed a black bear
  1803 | D:4      | Reached XP level 6. HP: 40/48 MP: 6/6
  1878 | D:4      | Gained mutation: You have a pair of antennae on your head.
                  | [hidden potential]
  1878 | D:4      | Lost mutation: You have hidden genetic potential. [hidden
                  | potential expressed]
  1936 | D:4      | Found a sparkling altar of Nemelex Xobeh.
  1952 | D:4      | Noticed Sigmund
  1963 | D:4      | Killed Sigmund
  1964 | D:4      | Reached skill level 6 in Long Blades
  1964 | D:4      | Reached XP level 7. HP: 51/55 MP: 7/7
  2052 | D:4      | Noticed Menkaure
  2057 | D:4      | Killed Menkaure
  2241 | D:4      | Reached **** piety under Jiyva
  2383 | D:5      | Entered Level 5 of the Dungeon
  2408 | D:5      | Reached skill level 5 in Fighting
  2408 | D:5      | Reached skill level 7 in Long Blades
  2446 | D:5      | Reached XP level 8. HP: 62/62 MP: 8/8
  2529 | D:5      | Found Ymebeh's General Store.
  2537 | D:5      | Bought a potion of heal wounds for 50 gold pieces
  2537 | D:5      | Bought a potion of curing for 30 gold pieces
  2537 | D:5      | Bought a scroll of identify for 20 gold pieces
  2551 | D:5      | Reached skill level 8 in Long Blades
  2627 | D:5      | Lost mutation: You are covered in slimy tendrils that may
                  | disarm your opponents. [Jiyva's grace]
  2627 | D:5      | Lost mutation: You expend magic power (3 MP) to strengthen
                  | your wands. [Jiyva's grace]
  2627 | D:5      | Gained mutation: Your translucent skin slightly reduces
                  | your foes' accuracy. (Stealth+) [Jiyva's grace]
  2627 | D:5      | Gained mutation: Your translucent skin reduces your foes'
                  | accuracy. (Stealth+) [Jiyva's grace]
  2627 | D:5      | Gained mutation: Your transparent skin significantly
                  | reduces your foes' accuracy. (Stealth+) [Jiyva's grace]
  2627 | D:5      | Gained mutation: You are robust. (+10% HP) [Jiyva's grace]
  2634 | D:5      | Reached ***** piety under Jiyva
  2639 | D:5      | Found a hide-covered altar of Uskayaw.
  2640 | D:5      | Found an iron altar of Okawaru.
  2735 | D:5      | Found Renuf's Firing Range.
  3137 | D:6      | Found a stormy altar of Qazlal.
  3157 | D:6      | Reached skill level 9 in Long Blades
  3170 | D:6      | Noticed a wyvern
  3178 | D:6      | Killed a wyvern
  3227 | D:6      | Reached XP level 9. HP: 77/78 MP: 9/9
  3287 | D:6      | Reached skill level 10 in Long Blades
  3314 | D:6      | Found a radiant altar of Vehumet.
  3506 | D:6      | Found a transporter.
  3506 | D:6      | Noticed Dittersdorf's ghost (novice GrFi)
  3506 | D:6      | Noticed a troll
  3514 | D:6      | Found a transporter.
  3621 | D:7      | Found a staircase to the Ecumenical Temple.
  3646 | D:7      | Noticed Maurice
  3654 | D:7      | Maurice stole the +7 quarterstaff "Spiderslayer" {pain,
                  | Str+5 Dex+4 SInv}
  3656 | D:7      | Maurice stole a +4 ring of protection
  3667 | D:7      | Maurice stole a dragon-blood talisman
  3671 | D:7      | Something stole 77 gold
  3684 | D:7      | Killed Maurice
  3943 | D:7      | Lost mutation: You have a pair of antennae on your head.
                  | [Jiyva's grace]
  3943 | D:7      | Lost mutation: You are robust. (+10% HP) [Jiyva's grace]
  3943 | D:7      | Lost mutation: Your transparent skin significantly reduces
                  | your foes' accuracy. (Stealth+) [Jiyva's grace]
  3943 | D:7      | Gained mutation: You expend magic power (3 MP) to
                  | strengthen your wands. [Jiyva's grace]
  3943 | D:7      | Gained mutation: Your movements are slightly less
                  | encumbered by armour. (ER -2) [Jiyva's grace]
  3943 | D:7      | Gained mutation: Your movements are less encumbered by
                  | armour. (ER -4) [Jiyva's grace]
  3943 | D:7      | Gained mutation: Your movements are significantly less
                  | encumbered by armour. (ER -6) [Jiyva's grace]
  3952 | D:7      | Noticed Joseph
  3976 | D:7      | Killed Joseph
  3977 | D:7      | Reached skill level 11 in Long Blades
  4117 | D:7      | Found a transporter.
  4213 | D:7      | Found a transporter.
  4232 | D:7      | Reached ****** piety under Jiyva
  4292 | D:8      | Noticed Amaemon
  4292 | D:8      | Noticed an orange demon
  4365 | D:8      | Noticed Grum
  4377 | D:8      | Killed Grum
  4390 | D:8      | Reached XP level 10. HP: 57/80 MP: 10/10
  4392 | D:8      | Found a shimmering blue altar of Sif Muna.
  4399 | D:8      | Got Sif Muna's Meditations on Ruinous Necromantic Secrets
  4404 | D:8      | Found a bloodstained altar of Trog.
  4578 | D:8      | Killed an orange demon
  4579 | D:8      | Reached skill level 12 in Long Blades
  4581 | D:8      | Killed Amaemon
  4871 | D:8      | Found a flagged portal.
  4880 | Bailey   | Entered a bailey
  5082 | Bailey   | Reached skill level 13 in Long Blades
  5319 | Bailey   | Identified the +0 dagger of Bodily Humours {elec, +Blink
                  | rC+ SInv}
  5746 | D:9      | Found a runed translucent door.
  5746 | D:9      | Noticed cforsyth's ghost (novice CoGl)
  5771 | D:9      | Noticed a boulder beetle
  5819 | D:9      | Killed a boulder beetle
  5820 | D:9      | Reached XP level 11. HP: 73/90 MP: 11/11
  5849 | D:9      | Found an ornate altar of the Wu Jian Council.
  5967 | D:9      | You fall into a shaft and drop 1 floor!
  5967 | D:10     | Entered Level 10 of the Dungeon
  5999 | D:10     | Found Asiy's Weapon Shop.
  6064 | D:10     | Reached skill level 10 in Fighting
  6111 | D:10     | Lost mutation: Your movements are significantly less
                  | encumbered by armour. (ER -6) [Jiyva's grace]
  6111 | D:10     | Gained mutation: Armour fits poorly on your pseudopods.
                  | [Jiyva's grace]
  6111 | D:10     | Gained mutation: Armour fits poorly on your large
                  | pseudopods. [Jiyva's grace]
  6111 | D:10     | Gained mutation: Armour fits poorly on your massive
                  | pseudopods. [Jiyva's grace]
  6111 | D:10     | Gained mutation: Your rubbery body absorbs attacks. (AC +1,
                  | EV +1) [Jiyva's grace]
  6254 | D:10     | Reached skill level 14 in Long Blades
  6254 | D:10     | Noticed Urug
  6267 | D:10     | Slimified Urug
  6267 | D:10     | Urug changed into Urug the slime creature
  6267 | D:10     | Noticed Urug
  6478 | D:10     | Found Olauvyv's Book Boutique.
  6749 | D:11     | Noticed a boulder beetle
  6767 | D:11     | Slimified a boulder beetle
  6767 | D:11     | a boulder beetle changed into a slime creature
  6869 | D:11     | Found Faalyfo's Weapon Shoppe.
  6922 | D:11     | Noticed a two-headed ogre
  6933 | D:11     | Killed a two-headed ogre
  7030 | D:11     | Found a frozen archway.
  7273 | IceCv    | Entered an ice cave
  7273 | IceCv    | Noticed a white ugly thing
  7282 | IceCv    | Slimified a white ugly thing
  7282 | IceCv    | a white ugly thing changed into an azure jelly
  7282 | IceCv    | Noticed an azure jelly
  7289 | IceCv    | Found a transporter.
  7293 | IceCv    | Noticed a white ugly thing
  7295 | IceCv    | Found the +5 moon troll leather armour {Spirit, Regen++
                  | MP+5}
  7299 | IceCv    | Found a transporter.
  7462 | IceCv    | Killed a white ugly thing
  7462 | IceCv    | HP: 2/92 [ice statue/shard of ice (20)]
  7465 | IceCv    | Engulfed by a cloud of freezing vapour

Illustrated notes

Levels and vault maps discovered:
D:1:      dpeg_arrival_fog, layout_loops_ring,
          hellmonk_ecumenical_altar_watching_god
D:2:      layout_rooms, basic_altar
D:3:      layout_basic, xom_redecorated, chequers_decorated_corner
D:4:      layout_gridville, zin_academy, mainiacjoe_overflow_six_doors_small,
          hangedman_minor_gate_pass, uniq_menkaure, uniq_sigmund
D:5:      layout_basic, jmf_multi_god_temple, serial_shops,
          nicolae_shop_tiny_waterfront, nicolae_shop_firing_range
D:6:      layout_rooms, kennysheep_mini_moat, vehumet_crystals,
          gammafunk_ghost_arena
D:7:      gammafunk_steamed_eel, layout_basic, minmay_temple_entry_sparse_star,
          uniq_joseph, uniq_maurice
D:8:      layout_loops_cross, nzn_overflow_gifts_of_might_and_magic,
          enter_bailey_5, uniq_amaemon, uniq_grum
D:9:      layout_grid_maze, mainiacjoe_overflow_brackets,
          mainiacjoe_overflow_boulevard, minmay_lair_entry_lava,
          hiddenorc1_lemuel, gammafunk_ghost_grave, special_room
          [special_room_kobold], serial_library_hellmonk_room_a, uniq_erica
D:10:     layout_gridville, serial_shops, shop_statue,
          nicolae_shop_getting_attention, uniq_urug
D:11:     layout_basic, portal_ice_cave_entry_pillars_2, serial_shops,
          nicolae_shop_rolling_square
IceCv:    ice_cave_statue_garden_transporter

Skill      XL: |  1  2  3  4  5  6  7  8  9 10 11 |
---------------+----------------------------------+-----
Long Blades    | 4 5 6 7 9 11 13 14 | 14.7
Fighting       | 3 4 5 6 8 9 11 | 11.3
Throwing       | |  1.7
Dodging        | |  2.6

Action                     |  1- 3 |  4- 6 |  7- 9 | 10-12 || total
---------------------------+-------+-------+-------+-------++-------
  Melee: Long sword        |    63 |    96 |   239 |   282 ||   680
         Dagger            |    37 |    48 |       |       ||    85
         Mace              |       |    49 |   224 |   278 ||   551
         Pseudopods        |       |       |       |    23 ||    23
  Throw: Dart              |       |       |     5 |     9 ||    14
         Boomerang         |       |       |       |    24 ||    24
 Invoke: Oozemancy         |       |       |       |     1 ||     1
         Slimify           |       |       |       |     3 ||     3
  Evoke: Wand              |       |       |       |     7 ||     7
    Use: Scroll            |       |     1 |     4 |     3 ||     8
         Potion            |       |       |     3 |     4 ||     7
   Stab: Invisible         |       |       |     6 |       ||     6
         Sleeping          |       |       |       |     2 ||     2
 Armour: Leather armour    |    38 |       |       |       ||    38
         Scale mail        |     3 |   100 |   177 |       ||   280
         Steam dragon scal |       |       |    95 |   308 ||   403
  Dodge: Dodged            |    25 |    86 |   317 |   371 ||   799

Table legend: (Time is in decaauts)
 A = Elapsed time spent in this place.
 B = Non-inter-level travel time spent in this place.
 C = Inter-level travel time spent in this place.
 D = Time resting spent in this place.
 E = Time spent auto-exploring this place.
 F = Levels seen in this place.
 G = Mean time per level.
                   A        B        C        D        E       F      G
               +--------+--------+--------+--------+--------+-----+--------+
         Total |   7531 |   7223 |    308 |    109 |   4798 |  13 |  579.3 |
       Dungeon |   6704 |   6396 |    308 |      0 |   4655 |  11 |  609.5 |
        Bailey |    635 |    635 |      0 |      5 |    143 |   1 |  635.0 |
      Ice Cave |    191 |    191 |      0 |    104 |      0 |   1 |  191.0 |
               +--------+--------+--------+--------+--------+-----+--------+

Top non-repeatable levels by time:
     D:7: 779 daAuts
     D:8: 757 daAuts
     D:4: 719 daAuts
    D:10: 705 daAuts
     D:1: 704 daAuts
     D:5: 651 daAuts
  Bailey: 635 daAuts
    D:11: 599 daAuts
     D:6: 580 daAuts
     D:3: 577 daAuts
     D:2: 387 daAuts
     D:9: 241 daAuts
   IceCv: 191 daAuts
